AoeStats
← Barón de la Cerveza

Runestones

507370444Analyzed
1v1 RM · 15d ago on Sep 17, 2026· 41m 1s· 2 players
Game mode
Random Map
Map size
Tiny (2 player)
Population
200
Speed
Normal
Resources
Standard
Victory
Conquest
Starting age
Dark Age
Ending age
Imperial Age
RankedLock teamsTeams togetherTeam positionsShared explorationLock speedFull tech treeHidden civsTurbo modeCheats
Victory
Defeat
🇲🇽 Vikings · Mexico
1852
+16
🇦🇷 Bengalis · Argentina
1843
-16
DS_Prodan
6:54 Loom
9:40 Feudal Age
13:37 Double-Bit Axe
13:33 Horse Collar
21:07 Gold Mining
23:21 Castle Age
21:44 Fletching
22:09 Padded Archer Armor
24:20 Bodkin Arrow
25:11 Husbandry
26:22 Bow Saw
28:24 Ballistics
28:34 Bloodlines
33:59 Light Cavalry
34:45 Scale Barding Armor
36:16 Wheelbarrow
39:13 Imperial Age
37:52 Masonry
38:08 Hand Cart
38:15 Hand Cart
38:34 Chain Barding Armor
38:49 Forging
40:10 Bracer
41:17 Chemistry
Barón de la Cerveza
6:39 Loom
8:51 Feudal Age
9:07 Man-at-Arms
9:55 Double-Bit Axe
16:12 Fletching
22:01 Castle Age
21:15 Gold Mining
21:29 Horse Collar
22:46 Bodkin Arrow
22:12 Crossbowman
23:14 Padded Archer Armor
26:34 Bow Saw
33:05 Imperial Age
31:08 Ballistics
30:13 Elite Skirmisher
31:11 Pikeman
31:51 Squires
31:53 Scale Mail Armor
33:06 Chain Mail Armor
34:27 Plate Mail Armor
36:20 Conscription
35:42 Capped Ram
37:24 Siege Ram
39:28 Forging
40:57 Iron Casting
41:04 Chieftains
Connection lost

Rejoining the realm…

Still unreachable

The connection could not be restored.

Session expired

The server has moved on; the page needs a fresh start.